Map: Dusk Towers

Players

KoMA - Winner!

  • Race: Terran Terran
  • League: Grandmaster

MCanning

  • Race: Protoss Protoss
  • League: Grandmaster

VOD

Have the link to the VOD?

Description

Time

  • Played on: March 1, 2016, 2:44 a.m.
  • Length: 9:53
Show
View Real Time Build Order
Export as new Build Order

KoMA Terran - Winner!

Build Orders: 1/1/1, Liberator Opening 

Get SALT Encoding   

  12  0:01  SCV  
  13  0:13  SCV  
  14  0:18  Supply Depot  
  14  0:25  Refinery  
  14  0:28  SCV  
  15  0:40  SCV  
  16  0:45  Barracks  
  16  0:52  SCV  
  17  1:05  SCV  
  18  1:17  Refinery, SCV  
  19  1:32  Orbital Command, Marine  
  20  1:33  Supply Depot  
  20  1:40  Factory  
  20  1:50  Barracks Reactor  
  20  1:57  SCV  
  21  2:10  SCV  
  22  2:16  Supply Depot  
  22  2:22  SCV  
  23  2:26  Starport  
  23  2:32  Barracks Tech Lab  
  23  2:33  Hellion x2  
  23  2:36  SCV  
  28  2:52  Barracks  
  28  2:53  Liberator, SCV  
  29  3:03  Siege Tank, Marine x2  
  37  3:22  Supply Depot, Marine  
  37  3:24  Marine  
  35  3:36  Siege Tank  
  35  3:39  Barracks Tech Lab  
  35  3:40  Marine  
  39  3:43  Marine  
  39  3:47  Supply Depot  
  40  3:55  Medivac  
  42  3:58  Marine  
  42  4:00  Marine  
  42  4:02  Combat Shields  
  44  4:08  Supply Depot  
  44  4:13  Marine  
  44  4:16  Marine  
  46  4:20  Marine  
  47  4:32  Marine  
  47  4:33  Siege Tank  
  47  4:38  Marine  
  52  4:41  Supply Depot  
  52  4:48  Medivac  
  52  4:51  Marine  
  52  4:52  Marine  
  56  4:56  Marine  
  57  5:04  Supply Depot  
  57  5:09  Marine  
  57  5:10  Marine  
  57  5:11  Siege Tank  
  62  5:17  Marine  
  62  5:19  SCV  
  64  5:25  Engineering Bay  
  64  5:26  Marine  
  64  5:28  Medivac  
  66  5:38  Marine x2  
  68  5:44  Marine  
  69  5:53  Missile Turret  
  69  5:56  Marine x2  
  71  6:02  Marine  
  72  6:06  Viking  
  74  6:18  Marine  
  72  6:26  Marine  
  72  6:28  Siege Tank  
  72  6:29  Marine  
  76  6:36  Marine  
  77  6:44  Marine  
  77  6:46  Marine  
  79  6:47  Bunker  
  79  6:48  Starport Tech Lab  
  79  7:01  Marine  
  79  7:03  Marine  
  79  7:04  Marine  
  79  7:07  Raven, Stimpack  
  75  7:19  Marine  
  75  7:21  Marine  
  75  7:22  Bunker, Marine  
  74  7:37  Marine  
  74  7:39  Marine  
  74  7:40  Marine  
  77  7:55  Marine  
  77  7:57  Marine  
  79  8:00  Banshee  
  79  8:01  Siege Tank  
  69  8:34  Marine  
  69  8:35  Marine x2  
  69  8:40  Siege Tank  
  68  8:52  Marine  
  68  8:53  Marine x2  
  68  8:54  SCV  
  69  9:01  Command Center  
  69  9:09  SCV  
  70  9:10  Marine  
  70  9:14  Supply Depot  
  74  9:27  Marine  
  75  9:32  Marine  
Show
View Real Time Build Order
Export as new Build Order

MCanning Protoss 

Build Orders: 1 Gate Expand, Blink Stalkers 

Get SALT Encoding   

  12  0:01  Probe (Chrono Boost)  
  13  0:11  Probe (Chrono Boost)  
  14  0:17  Pylon  
  14  0:22  Probe (Chrono Boost)  
  16  0:35  Probe (Chrono Boost)  
  16  0:38  Gateway  
  16  0:46  Probe (Chrono Boost)  
  17  0:56  Probe (Chrono Boost)  
  18  0:58  Assimilator  
  18  1:07  Probe (Chrono Boost)  
  19  1:20  Nexus  
  19  1:33  Probe (Chrono Boost)  
  19  1:35  Cybernetics Core  
  20  1:43  Probe (Chrono Boost)  
  20  1:44  Assimilator  
  22  1:54  Probe (Chrono Boost)  
  22  1:56  Pylon  
  21  2:09  Probe (Chrono Boost)  
  21  2:14  Adept (Chrono Boost)  
  21  2:15  Warp Gate  
  24  2:20  Probe (Chrono Boost)  
  25  2:25  Pylon  
  25  2:32  Mothership Core (Chrono Boost), Probe (Chrono Boost)  
  28  2:44  Probe (Chrono Boost)  
  29  2:51  Probe (Chrono Boost)  
  30  2:54  Probe (Chrono Boost)  
  31  3:00  Twilight Council  
  31  3:01  Probe (Chrono Boost)  
  31  3:03  Sentry (Chrono Boost)  
  31  3:04  Probe (Chrono Boost)  
  35  3:12  Probe  
  36  3:15  Gateway  
  36  3:19  Gateway  
  36  3:25  Gateway  
  36  3:35  Robotics Facility, Probe (Chrono Boost)  
  36  3:38  Probe (Chrono Boost)  
  38  3:46  Probe (Chrono Boost)  
  39  3:50  Probe (Chrono Boost)  
  39  3:51  Blink (Chrono Boost)  
  40  3:57  Probe  
  40  3:59  Pylon  
  40  4:01  Probe  
  42  4:09  Probe  
  41  4:12  Probe  
  41  4:16  Assimilator  
  42  4:17  Warp Prism (Chrono Boost)  
  42  4:20  Stalker x2  
  48  4:26  Stalker  
  50  4:36  Pylon  
  49  4:47  Pylon  
  49  4:48  Stalker x2  
  52  5:02  Assimilator  
  52  5:15  Probe  
  52  5:21  Stalker x4  
  57  5:35  Immortal  
  57  5:41  Probe  
  60  5:45  Adept x3  
  66  5:50  Adept  
  66  5:56  Dark Shrine  
  68  6:05  Gateway  
  68  6:12  Pylon  
  66  6:28  Pylon  
  66  6:30  Pylon  
  66  6:31  Pylon  
  60  6:50  Stalker  
  60  6:51  Gateway, Stalker  
  38  7:15  Dark Templar  
  38  7:19  Probe  
  38  7:22  Gateway  
  41  7:25  Pylon  
  35  7:30  Probe  
  35  7:33  Dark Templar  
  35  7:40  Mothership Core  
  33  7:49  Dark Templar  
  35  7:55  Gateway  
  35  8:06  Pylon, Probe  
  35  8:12  Dark Templar  
  38  8:16  Pylon  
  38  8:17  Pylon  
  23  8:38  Stalker x2  
  23  8:40  Stalker  
  28  8:43  Probe  
  29  8:53  Archon  
  29  8:54  Stalker  
  31  8:56  Probe  
  32  9:04  Dark Templar x2  
  32  9:09  Archon  
  36  9:18  Probe (Chrono Boost)  
  37  9:28  Stalker x2  
  37  9:39  Pylon  
  37  9:44  Stalker  
Tags
 
Add a new tag
Caveats
  • Supply blocks, unpowered buildings, or Contaminate may cause inaccurate times.
  • Supply counts are checked every 10 seconds.